 Dungeon Crawl Stone Soup version 0.25-a0-263-g9d16a9d099 (webtiles) character file.

Game seed: 15688035989736999234, levelgen mode: deterministic

21 Essalna the Skirmisher (level 2, 0/24 HPs)
             Began as a Demonspawn Berserker on Dec 7, 2019.
             Was a Follower of Trog.
             Slain by a kobold
             ... wielding a +0 short sword
              (3 damage)
             ... on level 1 of the Dungeon.
             The game lasted 00:01:35 (361 turns).

Essalna the Skirmisher (Demonspawn Berserker)        Turns: 361, Time: 00:01:36

Health: 0/24       AC:  2    Str: 17    XL:     2   Next: 62%
Magic:  2/2        EV: 12    Int:  8    God:    Trog [*.....]
Gold:   24         SH:  0    Dex: 12    Spells: 1/1 levels left

rFire    . . .     SeeInvis .   a - +0 falchion
rCold    . . .     Gourm    .   (no shield)
rNeg     . . .     Faith    .   b - +0 animal skin
rPois    .         Spirit   .   (no helmet)
rElec    .         Reflect  .   (no cloak)
rCorr    .         Harm     .   (no gloves)
MR       .....                  (no boots)
Stlth    +.........             (no amulet)
HPRegen  0.08/turn              h - ring of attention (curse)
MPRegen  0.08/turn              (no ring)

@: no status effects
A: nightstalker 1
a: Berserk, Renounce Religion


You were on level 1 of the Dungeon.
You worshipped Trog.
Trog was aware of your devotion.
You were not hungry.

You visited 1 branch of the dungeon, and saw 1 of its levels.

You collected 24 gold pieces.

Inventory:

Hand Weapons
 a - a +0 falchion (weapon)
Armour
 b - a +0 animal skin (worn)
Jewellery
 h - a cursed ring of attention (left hand)
Scrolls
 d - a scroll of remove curse {unknown}
 f - a scroll of amnesia {unknown}
Potions
 e - a potion of heal wounds {unknown}
 g - 2 potions of curing {unknown}
Comestibles
 c - 2 rations


   Skills:
 + Level 3.3 Fighting
 + Level 3.0 Long Blades
 + Level 2.2 Armour
 - Level 1.7 Dodging


You had one spell level left.
You didn't know any spells.
Your spell library was empty.

Dungeon Overview and Level Annotations

Branches:
Dungeon (1/15)

Altars:


Innate Abilities, Weirdness & Mutations

You are slightly more attuned to the shadows.


Message History

The goblin is moderately wounded.
The goblin misses you.
You riposte.
You closely miss the goblin.
The goblin is moderately wounded.
The kobold closely misses you.
You slash the goblin!
You kill the goblin!
Trog accepts your kill. The kobold barely misses you.
You riposte.
You barely miss the kobold. The kobold misses you.
Found a whip.
The kobold closely misses you.
Found 13 gold pieces.
The kobold throws a stone.
The stone misses you.
You see here a coral ring.
h - a coral ring The kobold hits you but does no damage.
Oops, that ring feels deathly cold.
h - a cursed ring of attention (left hand)
The kobold hits you with a +0 short sword.
You die...

.............##.#......
.........###..#.#......
##.##..### #...)......
#.###.# ###.†....).
#.....#####.........).
#..#.........##.......
#.###....... ##......
##.#.#K##.... #......
......@(##... #......
..##...## ... ........
#$.... .. .........
##.#)#. .#####.##.
..###.. #. #. #.. ## #.
#. .. .. ... #..


You could see a kobold.

Vanquished Creatures
  A gnoll (D:1)
  A goblin (D:1)
  3 hobgoblins (D:1)
  2 kobolds (D:1)
  2 frilled lizards (D:1)
  2 rats (D:1)
11 creatures vanquished.

Notes
Turn   | Place    | Note
-------+----------+-------------------------------------------
     0 | D:1      | Essalna the Demonspawn Berserker began the quest for the
                  | Orb.
     0 | D:1      | Reached XP level 1. HP: 18/18 MP: 1/1
   229 | D:1      | Gained mutation: You are slightly more attuned to the
                  | shadows. [demonic ancestry]
   229 | D:1      | Reached XP level 2. HP: 8/24 MP: 2/2
   361 | D:1      | Slain by a kobold

Levels and vault maps discovered:
D:1:      minmay_arrival_stone_box, layout_rooms, minmay_hexomino_u4

Skill      XL: |  1 |
---------------+----+-----
Armour         | 2 |  2.2
Long Blades    | 3 |  3.0
Fighting       | |  3.3
Dodging        | |  1.7

Action                   || total
-------------------------++-------
Melee: Falchion          ||    30
Invok: Berserk           ||     1
Armor: Animal skin       ||     7
Dodge: Dodged            ||    32
       Rpst.: Falchion   ||    10

Table legend:
 A = Non-vault XP
 B = Vault XP
 C = Vault XP percentage of total XP
 D = Non-vault monster count
 E = Vault monster count
 F = Vault count percentage of total count
                 A         B        C        D         E       F
            +---------+---------+-------+---------+---------+-------
      Total |      27 |       3 |  10.0 |       9 |       2 |  18.2
            +---------+---------+-------+---------+---------+-------
        D:1 |      27 |       3 |  10.0 |       9 |       2 |  18.2
            +---------+---------+-------+---------+---------+-------
